 Dungeon Crawl Stone Soup version 0.28-a0-973-ga7f8b01127 (webtiles) character file.

Game seed: 15890649704762011079

21 siradein the Magician (level 2, -3/19 HPs)
             Began as a Demonspawn Hedge Wizard on Dec 2, 2021.
             Killed by divine providence
             ... invoked by an orc priest
              (10 damage)
             ... on level 2 of the Dungeon.
             The game lasted 00:01:27 (1320 turns).

siradein the Magician (Demonspawn Hedge Wizard)     Turns: 1320, Time: 00:01:29

Health: -3/19      AC:  4    Str: 10    XL:     2   Next: 65%
Magic:  6/6        EV: 12    Int: 15    God:
Gold:   50         SH:  0    Dex: 12    Spells: 1/7 levels left

rFire   . . .      SeeInvis .   f - +0 spear (vorpal)
rCold   . . .      Faith    .   (no shield)
rNeg    . . .      Spirit   .   b - +0 robe
rPois   .          Reflect  .   g - +0 helmet
rElec   .          Harm     .   (no cloak)
rCorr   .          Rampage  .   (no gloves)
Will    .....                   m - +0 pair of boots
Stlth   ++........              (no amulet)
HPRegen 0.06/turn               (no ring)
MPRegen 0.10/turn               (no ring)

@: no status effects
A: powered by pain 1
a: no special abilities


You were on level 2 of the Dungeon.
You visited 1 branch of the dungeon, and saw 2 of its levels.

You collected 50 gold pieces.

Inventory:

Hand Weapons
 a - a +0 dagger
 f - a +0 vorpal spear (weapon)
Armour
 b - a +0 robe (worn)
 c - a +0 hat
 g - a +0 helmet (worn)
 m - a +0 pair of boots (worn)
Scrolls
 i - a scroll of immolation {unknown}
 k - a scroll of teleportation {unknown}
 l - 2 scrolls of identify {unknown}
Potions
 d - a potion of degeneration {unknown}
 e - 2 potions of invisibility {unknown}
 h - a potion of cancellation {unknown}
 j - a potion of curing {unknown}
 n - a potion of heal wounds {unknown}
 o - 3 potions of mutation {unknown}


   Skills:
 + Level 2.0 Dodging
 - Level 1.7 Stealth
 + Level 3.1 Spellcasting
 + Level 1.4 Conjurations
 + Level 1.4 Summonings
 + Level 1.2 Translocations


You had one spell level left.
You knew the following spells:

 Your Spells              Type           Power      Damage    Failure   Level
a - Magic Dart            Conj           24%        1d4       11%         1
b - Slow                  Hex            8%         N/A       21%         1
c - Blink                 Tloc           12%        N/A       17%         2
d - Call Imp              Summ           6%         N/A       17%         2

Your spell library contained the following spells:

 Spells                   Type           Power      Damage    Failure   Level
 Conjure Flame            Conj/Fire      4%         6-21      41%         3
 Mephitic Cloud           Conj/Pois/Air  3%         N/A       43%         3


Dungeon Overview and Level Annotations

Branches:
Dungeon (2/15)

Altars:


Innate Abilities, Weirdness & Mutations

You sometimes gain a little power by taking damage.


Message History

Aiming: Magic Dart (safe; 11% risk of failure)
Press: ? - help, Q - select action, (/) - cycle Shift-Dir - straight line, f - rat
Aim: a rat (asleep, 100% to hit)
The magic dart hits the rat.
The rat is moderately wounded.
Unknown command.
A rat is nearby!
A rat is nearby!
A rat is nearby!
Aiming: Magic Dart (safe; 11% risk of failure)
Press: ? - help, Q - select action, (/) - cycle Shift-Dir - straight line, f/p - rat
Aim: a rat (100% to hit)
The magic dart hits the rat but does no damage.
Aiming: Magic Dart (safe; 11% risk of failure)
Press: ? - help, Q - select action, (/) - cycle Shift-Dir - straight line, f/p - rat
Aim: a rat (100% to hit)
The magic dart hits the rat.
You kill the rat!
Unknown command.
Found a stone staircase leading down.
You see here a rat corpse.
Found 16 arrows. 3 orcs come into view.
The orc shouts! x2; You hear a shout!
There are monsters nearby!
Aiming: Magic Dart (safe; 11% risk of failure)
Press: ? - help, Q - select action, (/) - cycle Shift-Dir - straight line, f - orc
Aim: an orc, wielding a +0 hand axe (wandering, hasn't noticed you, 100% to hit)
The magic dart hits the orc.
The orc is lightly wounded.
The orc shouts!
An orc priest comes into view. It is wielding a +0 flail.
An orc wizard comes into view. It is wielding a +0 dagger.
The orc priest calls down the wrath of Beogh upon you.
Beogh smites you!
Ouch! That really hurt!
The orc priest mumbles some strange prayers to Beogh against you.
Beogh smites you!
Ouch! That really hurt!
You die...

.........................>....#.#
##.............................#
#.......#......................
................#.o###.#..#.#
............................
.............o.#..###.#.(#.#
.....#..#.#...##..###.#..#.# #
#.o.##.....o......
#@..##..###o##.#.# #.....##..#
#o...:.. .....<...........o..#..
#.#......##.......o.... ##
.##.#......##...#.......# .#
...............#.8...8.# .# ..
#......#.##...#.......# ...
#......#.##...#.......#
.......##......#.##...#....o..#


You could see an orc priest and 2 orcs.

Vanquished Creatures
  2 bats
  4 endoplasms
  A goblin (D:1)
  A hobgoblin (D:2)
  2 kobolds (D:1)
  A quokka (D:2)
  4 ball pythons
  2 frilled lizards
  4 rats
21 creatures vanquished.

Notes
Turn   | Place    | Note
-------+----------+-------------------------------------------
     0 | D:1      | siradein the Demonspawn Hedge Wizard began the quest for
                  | the Orb.
     0 | D:1      | Reached XP level 1. HP: 13/13 MP: 4/4
    31 | D:1      | Learned a level 1 spell: Slow
   153 | D:1      | Reached skill level 1 in Translocations
   319 | D:1      | Gained mutation: You sometimes gain a little power by
                  | taking damage. [demonic ancestry]
   319 | D:1      | Reached XP level 2. HP: 15/19 MP: 4/6
   322 | D:1      | Learned a level 2 spell: Blink
   325 | D:1      | Learned a level 2 spell: Call Imp
  1320 | D:2      | Killed from afar by an orc priest

Illustrated notes

Levels and vault maps discovered:
D:1:      roderic_crossed_star, layout_rooms, minmay_misc_feat_tiny
D:2:      cheibrodos_pilgrimage, layout_basic, fountainhead, minivault_23

Skill      XL: |  1  2 |
---------------+-------+-----
Translocations | 1 |  1.2
Dodging        | 2 |  2.0
Stealth        | |  1.7
Spellcasting   | |  3.1
Conjurations   | |  1.4
Summonings     | |  1.4

Action                   || total
-------------------------++-------
Melee: Spear             ||    15
 Cast: Magic Dart        ||    30
Armor: Robe              ||     4
Dodge: Dodged            ||     5

Table legend: (Time is in decaauts)
 A = Elapsed time spent in this place.
 B = Non-inter-level travel time spent in this place.
 C = Inter-level travel time spent in this place.
 D = Time resting spent in this place.
 E = Time spent auto-exploring this place.
 F = Levels seen in this place.
 G = Mean time per level.
                   A        B        C        D        E       F      G
               +--------+--------+--------+--------+--------+-----+--------+
         Total |   1320 |   1289 |     31 |      0 |   1130 |   2 |  660.0 |
       Dungeon |   1320 |   1289 |     31 |      0 |   1130 |   2 |  660.0 |
               +--------+--------+--------+--------+--------+-----+--------+

Top non-repeatable levels by time:
     D:1: 752 daAuts
     D:2: 567 daAuts
